 Dungeon Crawl Stone Soup version 0.30-a0-847-g17996783a1 (webtiles) character file.

Game seed: 15725469708467420435

1577032 freelancePsychic the Hoplite (level 27, 228/228 HPs)
             Began as a Human Wanderer on Mar 3, 2023.
             Was a Follower of Uskayaw.
             Escaped with the Orb
             ... and 3 runes!
             The game lasted 02:09:16 (75588 turns).

freelancePsychic the Hoplite (Human Wanderer)      Turns: 75588, Time: 02:09:17

Health: 228/228    AC: 47    Str: 32      XL:     27
Magic:  34/34      EV: 18    Int:  6 (10) God:    Uskayaw [*.....]
Gold:   2145       SH: 24    Dex: 15      Spells: 26/26 levels left

rFire   + + .      SeeInvis .    v - +3 Elemental Staff {rElec rF++ rC++ AC+5}
rCold   + + .      Faith    .    d - +2 tower shield {AC+3}
rNeg    . . .      Spirit   .    T - +10 crystal plate armour of the Desolation of Salt {Int+3}
rPois   .          Reflect  .    (helmet restricted)
rElec   +          Rampage  .    x - scarf {rC+ rF+}
rCorr   +          Clarity  +    N - +2 pair of gloves {infuse}
Will    +++..                    e - +2 pair of boots {Stlth+} Stlth
                                 W - amulet of regeneration
HPRegen 1.38/turn                P - +5 ring of evasion
MPRegen 0.24/turn                g - ring of the Shining Light {Will+ rCorr}

@: studying 2 skills
A: horns 1, clarity, deformed body, dopey 1, strong 2, wild magic 1, cold
vulnerability 1, heat vulnerability 1, inability to drink after injury 2
0: Orb of Zot
}: 3/15 runes: decaying, serpentine, silver
a: Renounce Religion, Stomp


You escaped.
You worshipped Uskayaw.
Uskayaw was pleased with you.
You visited 10 branches of the dungeon, and saw 48 of its levels.
You also visited: Sewer, Ossuary, Bailey, Gauntlet, Ice Cave and Desolation.

You collected 5173 gold pieces.
You spent 3028 gold pieces at shops.

Inventory:

Hand Weapons
 v - the +3 Elemental Staff (weapon) {rElec rF++ rC++ AC+5}
   (You found it on level 11 of the Dungeon)

   It enhances your fire, ice, earth and air magic.
   AC:        It affects your AC (+5).
   rF:        It greatly protects you from fire.
   rC:        It greatly protects you from cold.
   rElec:     It insulates you from electricity.
Missiles
 j - 5 silver javelins (quivered)
Armour
 d - a +2 tower shield of protection (worn)
 e - a +2 pair of boots of stealth (worn)
 p - the +0 helmet "Olush" {Fly}
   (You found it in a Gauntlet)

   Fly:       It grants you flight.
 x - a scarf of resistance (worn)
 L - a +2 buckler
 N - a +2 pair of gloves of infusion (worn)
 T - the +10 crystal plate armour of the Desolation of Salt (worn) {Int+3}
   (You took it off a deep elf master archer on level 3 of the Elven Halls)

   Int:       It affects your intelligence (+3).
Jewellery
 g - the ring of the Shining Light (right hand) {Will+ rCorr}
   (You found it in a Gauntlet)

   [ring of resist corrosion]

   rCorr:     It protects you from acid and corrosion.
   Will:      It increases your willpower.
 F - a ring of willpower
 P - a +5 ring of evasion (left hand)
 S - an amulet of faith
 W - an amulet of regeneration (around neck)
 X - a ring of poison resistance
Wands
 h - a wand of polymorph (19)
 u - a wand of digging (21)
 z - a wand of flame (45)
 Q - a wand of paralysis (23)
 U - a wand of roots (19)
 V - a wand of mindburst (7)
Scrolls
 i - a scroll of silence
 o - 4 scrolls of fog
 s - 7 scrolls of immolation
 w - 15 scrolls of poison
 y - 8 scrolls of teleportation {@r4}
 K - 4 scrolls of magic mapping
 Y - 3 scrolls of fear
 Z - 7 scrolls of enchant weapon
Potions
 a - 2 potions of cancellation
 b - 8 potions of lignification
 f - 3 potions of mutation
 k - 6 potions of resistance
 l - 14 potions of curing {@q1}
 m - 3 potions of heal wounds {@q2}
 t - 7 potions of ambrosia
 A - a potion of haste {@q3}
 C - 8 potions of brilliance
 G - 12 potions of attraction
 O - a potion of berserk rage
 R - 9 potions of flight
Miscellaneous
 c - a piece from Xom's chessboard (15/15)
 q - a phantom mirror
 r - a box of beasts
 D - a phial of floods (inert)
 E - a tin of tremorstones (2/2)


   Skills:
 + Level 21.2 Fighting
 - Level 7.1(8.0) Short Blades
 - Level 5.4(7.1) Long Blades
 - Level 2.0(7.8) Maces & Flails
 - Level 11.9(12.0) Staves
 - Level 22.0 Armour
 * Level 15.6 Dodging
 - Level 7.9 Stealth
 - Level 22.0 Shields
 - Level 15.0 Invocations
 - Level 17.0 Evocations


You had 26 spell levels left.
You didn't know any spells.
Your spell library contained the following spells:

 Spells                   Type           Power      Damage    Failure   Level
 Beastly Appendage        Tmut           0%         N/A       100%        1
 Foxfire                  Conj/Fire      0%         2x1d4     100%        1
 Magic Dart               Conj           0%         1d3       100%        1
 Necrotise                Necr           0%         1d4       100%        1
 Shock                    Conj/Air       0%         1d3       100%        1
 Slow                     Hex            0%         N/A       100%        1
 Sting                    Tmut/Pois      0%         1d3       100%        1
 Blink                    Tloc           0%         N/A       100%        2
 Ensorcelled Hibernation  Hex/Ice        0%         N/A       100%        2
 Lesser Beckoning         Tloc           0%         N/A       100%        2
 Momentum Strike          Conj/Tloc      0%         3d8       100%        2
 Passwall                 Tmut/Erth      0%         N/A       100%        2
 Searing Ray              Conj           0%         2d4       100%        2
 Sublimation of Blood     Necr           0%         N/A       100%        2
 Wereblood                Tmut           0%         N/A       100%        2
 Confusing Touch          Hex            0%         N/A       100%        3
 Dazzling Flash           Conj/Hex       0%         N/A       100%        3
 Frozen Ramparts          Ice            0%         1d1       100%        3
 Hailstorm                Conj/Ice       0%         3d3       100%        3
 Inner Flame              Hex/Fire       0%         N/A       100%        3
 Kindle Blastsparks       Fire/Tloc/Air  0%         2d10      100%        3
 Stone Arrow              Conj/Erth      0%         3d7       100%        3
 Swiftness                Air            0%         N/A       100%        3
 Tukima's Dance           Hex            0%         N/A       100%        3
 Vampiric Draining        Necr           0%         2d6       100%        3
 Vhi's Electric Charge    Tloc/Air       0%         N/A       100%        3
 Airstrike                Air            0%         2d(0-16)  100%        4
 Anguish                  Hex/Necr       0%         N/A       100%        4
 Animate Armour           Summ/Erth      0%         N/A       100%        4
 Cause Fear               Hex            0%         N/A       100%        4
 Dispel Undead            Necr           0%         3d6       100%        4
 Flame Wave               Conj/Fire      0%         2d4       100%        4
 Fulminant Prism          Conj/Hex       0%         3d5       100%        4
 Ice Form                 Ice/Tmut       0%         N/A       100%        4
 Iskenderun's Mystic Bla  Conj/Tloc      0%         2d3       100%        4
 Leda's Liquefaction      Hex/Erth       0%         N/A       100%        4
 Olgreb's Toxic Radiance  Pois           0%         N/A       100%        4
 Passage of Golubria      Tloc           0%         N/A       100%        4
 Sticky Flame             Conj/Fire      0%         2d3       100%        4
 Summon Lightning Spire   Summ/Air       0%         N/A       100%        4
 Agony                    Necr           0%         N/A       100%        5
 Alistair's Intoxication  Tmut/Pois      0%         N/A       100%        5
 Blade Hands              Tmut           0%         N/A       100%        5
 Borgnjor's Vile Clutch   Necr/Erth      0%         N/A       100%        5
 Fireball                 Conj/Fire      0%         3d3       100%        5
 Freezing Cloud           Conj/Ice/Air   0%         6-21      100%        5
 Iskenderun's Battlesphe  Conj           0%         2d6       100%        5
 Lee's Rapid Deconstruct  Erth           0%         3d4*      100%        5
 Lightning Bolt           Conj/Air       0%         1d11      100%        5
 Silence                  Hex/Air        0%         N/A       100%        5
 Summon Forest            Summ/Tloc      0%         N/A       100%        5
 Summon Mana Viper        Hex/Summ       0%         N/A       100%        5
 Yara's Violent Unravell  Hex/Tmut       0%         3d3       100%        5
 Conjure Ball Lightning   Conj/Air       0%         3x3d6     100%        6
 Dispersal                Tloc           0%         N/A       100%        6
 Eringya's Noxious Bog    Tmut/Pois      0%         N/A       100%        6
 Iron Shot                Conj/Erth      0%         9d1       100%        6
 Simulacrum               Ice/Necr       0%         N/A       100%        6
 Starburst                Conj/Fire      0%         6d3       100%        6
 Enfeeble                 Hex            0%         N/A       100%        7
 Malign Gateway           Summ/Tloc      0%         N/A       100%        7
 Orb of Destruction       Conj           0%         9d5       100%        7
 Ozocubu's Refrigeration  Ice            0%         4d7       100%        7
 Storm Form               Tmut/Air       0%         N/A       100%        7
 Summon Hydra             Summ           0%         N/A       100%        7
 Discord                  Hex            0%         N/A       100%        8
 Ignition                 Fire           0%         3d3       100%        8
 Lehudib's Crystal Spear  Conj/Erth      0%         10d2      100%        8
 Summon Horrible Things   Summ           0%         N/A       100%        8
 Chain Lightning          Conj/Air       0%         N/A       100%        9
 Death's Door             Necr           0%         N/A       100%        9
 Fire Storm               Conj/Fire      0%         5d1       100%        9
 Shatter                  Erth           0%         3d5*      100%        9


Dungeon Overview and Level Annotations

Branches:
Dungeon (15/15)            Temple (1/1) D:4            Lair (5/5) D:8
  Swamp (4/4) Lair:2        Snake (4/4) Lair:3        Slime (0/5) Lair:5
    Orc (2/2) D:9             Elf (3/3) Orc:2        Vaults (5/5) D:14
  Crypt (0/3) Vaults:3     Depths (4/4) D:15            Zot (5/5) Depths:4
  Sewer (visited)         Ossuary (visited)          Bailey (visited)
  IceCv (visited)         Desolation (visited)      Gauntlet (visited)

Altars:
Ashenzari
Cheibriados
Dithmenos
Elyvilon
Fedhas
Gozag
Hepliaklqana
Kikubaaqudgha
Makhleb
Nemelex Xobeh
Okawaru
Qazlal
Ru
Sif Muna
Trog
Uskayaw
Vehumet
Wu Jian
Xom
Yredelemnul
Zin
The Shining One

Shops:
D:2 =   D:15 *   Orc:2 :([*   Elf:3 [   Snake:4 ![(   Vaults:3 *

Portals:
Hell: Depths:1 Depths:2 Depths:3 Depths:4
Abyss: Depths:3
Pandemonium: Depths:1 Depths:2
Ziggurat: Depths:2

Annotations:
D:3 2 transporters, zenocrate's ghost, novice OpTm
D:5 2 runed translucent doors, Nacht's ghost, amateur DsNe
D:7 exclusion: statue
D:8 3 runed translucent doors, Nacht's ghost, journeyman DsHu
D:14 1 runed translucent door, sirJeffrey23's ghost, journeyman HOFi
D:15 Roxanne
Elf:2 3 runed translucent doors
Vaults:1 2 runed translucent doors, Wyfalan's ghost, adept DrCj
Depths:3 2 runed translucent doors
Zot:2 exclusion: door


Innate Abilities, Weirdness & Mutations

You have a pair of small horns on your head.
You possess an exceptional clarity of mind.
Armour fits poorly on your strangely shaped body.
You are dopey. (Int -2)
Your muscles are very strong. (Str +8, Int/Dex -2)
Your spells are a little harder to cast, but a little more powerful.
You are vulnerable to cold. (rC-)
You are vulnerable to heat. (rF-)
You sometimes lose the ability to drink potions when taking damage.


Message History

No target in view!
No target in view!
No target in view!
No target in view!
No target in view!
No target in view!
No target in view!
No target in view!
No target in view!
No target in view!
(D) Dungeon (T) Temple (L) Lair (S) Swamp (P) Snake Pit (M) Slime Pits (O) Orcish Mines (E) Elven Halls (V) Vaults (C) Crypt (U) Depths (H) Hell (Z) Zot
Where to? (Enter - D:1 @ (x,y), ? - help)
There is a stone staircase leading up here.
You climb upwards.
Level annotation: 2 transporters, zenocrate's ghost, novice OpTm
There is a stone staircase leading down here.
HP restored.
A tormentor comes into view.
There is a stone staircase leading up here.
You climb upwards.
There is a stone staircase leading down here.
(D) Dungeon (T) Temple (L) Lair (S) Swamp (P) Snake Pit (M) Slime Pits (O) Orcish Mines (E) Elven Halls (V) Vaults (C) Crypt (U) Depths (H) Hell (Z) Zot
Where to? (Enter - D:1 @ (x,y), ? - help) Magic restored.
There is a fountain of clear blue water here.
There is an open door here.
There is an open door here.
There is a fountain of clear blue water here.
There is a stone staircase leading up here.
You climb upwards.
There is a stone staircase leading down here.
There is an open door here.
A ynoxinul comes into view.
A glowing orange brain comes into view.
There is an open door here.
The ynoxinul gestures.
There is a staircase leading out of the dungeon here.
You see here a +0 mace.
The ynoxinul gestures.
You have escaped!

#.# ##### #~PP~~P♣P~~♣P~ #.#
#~♣P~~..P~~♣♣~ #.#
#~♣P~~P♣.~~P♣~ #.#
#~♣♣~~P.♣~~♣P~ #.#
#~P.~G..♣~~P.~ #.####
#####~♣.~~~~~~~♣P~ #.##.##
#...#~PP3.....~..~ #.#.#.##
#...#~~5~.###.~~~~
#..###.###@..'..5..#§#.....
#.##.....#...#~~~~.###.~~~~
#........#...#~P♣~.....~P♣~
###...##.#####~.P~~~~~~~.P~
########.###....##~♣P~~PP♣~~..~
#.......#...(....#~PP~~♣P♣~~PP~
#.#..............#~♣♣~~♣♣P~~P♣~
#.#.##.####......#~♣P~~P♣P~~P♣~
#.#.##.# #......#~♣P~~♣♣P~~PP~


You could see a ynoxinul and 2 ufetubi.

Vanquished Creatures
  2 dread liches (Zot:5)
  3 ancient liches
  8 orbs of fire (Zot:5)
  Boris (Depths:4)
  Bai Suzhen (Elf:3)
  A Killer Klown (Zot:5)
  A profane servitor (Depths:4)
  5 golden dragons
  An electric golem (Zot:5)
  16 tentacled monstrosities
  23 Orb Guardians
  Rupert (Lair:5)
  3 liches
  7 titans (Vaults:5)
  4 quicksilver dragons
  3 deep elf blademasters (Elf:3)
  3 deep elf master archers (Elf:3)
  5 death cobs
  3 sphinxes
  9 storm dragons
  7 tengu reavers
  Agnes (D:15)
  5 shadow dragons
  5 fire giants
  5 draconian monks
  3 deep elf sorcerers (Elf:3)
  A draconian knight (Zot:2)
  An azure jelly (IceCv)
  11 frost giants
  12 vault wardens
  A ghost moth (Zot:5)
  An iron dragon (Vaults:5)
  6 nagarajas
  3 draconian scorchers
  2 imperial myrmidons (Desolation)
  Aizul (Swamp:3)
  4 deep elf elementalists (Elf:3)
  5 spectral caustic shrikes (Depths:2)
  A draconian shifter (Depths:4)
  3 draconian annihilators
  4 draconian stormcallers
  3 orc warlords
  17 ironbound preservers
  A quicksilver ooze (IceCv)
  11 stone giants
  A war gargoyle (Vaults:2)
  A reaper (Depths:4)
  5 ironbound thunderhulks
  23 very ugly things
  3 eleionomae
  Azrael (D:15)
  2 vampire knights (Vaults:3)
  5 black draconians
  5 green draconians
  8 deep elf annihilators
  2 spark wasps (Depths:3)
  2 yellow draconians
  6 deep elf demonologists
  A halazid warlock (Desolation)
  15 dire elephants
  6 bunyips
  5 purple draconians
  4 white draconians
  A minotaur (Gauntlet)
  2 red draconians
  A green death (Gauntlet)
  A shambling mangrove (Swamp:4)
  13 ettins
  9 deep elf death magi
  5 fire dragons
  5 crystal guardians
  Josephine (D:11)
  7 deep elf high priests
  9 ragged hierophants (Desolation)
  16 yaktaur captains
  28 vault guards
  Erolcha (D:12)
  3 salamander tyrants (Snake:4)
  10 great orbs of eyes
  20 hydras
  5 servants of whispers (Desolation)
  7 peacekeepers
  3 ogre magi
  2 spriggan air magi
  5 ice dragons
  2 ghost crabs
  A hell beast (Depths:2)
  Erica (D:10)
  4 ironbound frosthearts
  9 anacondas
  21 dancing weapons
  6 boulder beetles
  16 centaur warriors
  6 deep troll shamans
  12 alligators
  8 death yaks
  A death knight (D:15)
  7 two-headed ogres
  15 naga warriors
  A tengu warrior (D:13)
  3 vampire magi
  8 deep troll earth magi
  6 shock serpents
  13 deep elf knights
  22 naga sharpshooters
  3 orc high priests
  3 sun demons
  Nergalle (D:11)
  4 iron trolls
  A hell knight (Vaults:5)
  5 goliath frogs
  4 sea snakes (Snake:3)
  8 salamander mystics
  A sixfirhy (D:14)
  A cherub (D:4)
  A glowing orange brain (Depths:3)
  6 skeletal warriors
  8 bog bodies
  7 spriggan druids
  70 deep trolls
  A death drake (Swamp:4)
  A swamp dragon (shapeshifter) (Vaults:5)
  6 wizards
  8 naga ritualists
  8 deep elf archers
  6 swamp dragons
  2 orange crystal statues
  11 lindwurms (Vaults:1)
  An orb spider (shapeshifter) (Vaults:5)
  16 mana vipers
  21 ironbound convokers
  6 orc knights
  5 phantasmal warriors (Vaults:5)
  31 deep elf pyromancers
  4 necromancers
  42 ugly things
  18 deep elf zephyrmancers
  15 salamanders
  A faun (shapeshifter) (Depths:4)
  A salamander (shapeshifter) (Elf:2)
  4 cyclopes
  6 manticores
  4 will-o-the-wisps
  2 orc sorcerers (Orc:2)
  A manticore (shapeshifter) (Depths:3)
  10 moths of wrath
  6 elephants (Lair:5)
  A rust devil (D:14)
  A torpor snail (Lair:2)
  21 vault sentinels
  48 black mambas
  3 guardian serpents
  An ice statue (IceCv)
  A human zombie (Vaults:2)
  3 orange demons (D:14)
  3 smoke demons
  2 gargoyles (D:11)
  31 naga magi
  2 molten gargoyles (Desolation)
  4 cane toads
  An unseen horror (D:11)
  A kobold demonologist (D:13)
  A hellion (D:4)
  4 rime drakes
  An efreet (D:11)
  2 freezing wraiths
  6 ice devils
  36 yaktaurs
  4 tengu conjurers
  8 komodo dragons
  An ancient zyme (Lair:5)
  3 hellwings
  8 trolls
  A meliai (shapeshifter) (Vaults:5)
  9 hornets
  7 polar bears
  A tarantella (shapeshifter) (Lair:5)
  10 tyrant leeches
  49 saltlings (Desolation)
  A sphinx simulacrum (Vaults:2)
  Prince Ribbit (D:9)
  8 blink frogs
  33 slime creatures
  An elf skeleton (Vaults:3)
  A culicivora (shapeshifter) (Lair:5)
  A vampire (D:13)
  9 wraiths
  An ettin skeleton (Vaults:2)
  17 spriggans
  4 air elementals
  55 yaks
  A ynoxinul (D:14)
  2 fire elementals
  2 neqoxecs
  6 water elementals
  A basilisk (shapeshifter) (Lair:5)
  4 hogs (D:11)
  A golden eye (Depths:1)
  2 steam dragons
  6 basilisks
  5 wyverns
  2 chaos spawn
  6 vampire mosquitoes (D:13)
  An ogre zombie (Vaults:3)
  A warg (Orc:1)
  46 nagas
  19 swamp worms
  4 acid dragons
  15 water moccasins
  A floating eye (shapeshifter) (D:13)
  3 hell hounds (D:15)
  A floating eye (Depths:1)
  10 small abominations (Lair:5)
  7 swamp drakes
  3 ice beasts
  35 orc warriors
  3 ettin simulacra (Depths:2)
  5 great orb of eyes simulacra (IceCv)
  7 sky beasts
  14 black bears
  9 wolves
  6 ogres
  2 centaurs
  5 boggarts
  2 human skeletons (Vaults:3)
  3 phantoms
  2 slime creature simulacra (IceCv)
  3 kobold brigands
  7 bullfrogs
  2 gnoll sergeants
  5 earth elementals
  5 glowing shapeshifter simulacra
  A scorpion (D:6)
  6 water moccasin zombies (Ossuary)
  A wight (D:9)
  A killer bee (D:9)
  4 howler monkeys
  4 electric eels
  4 jellies
  Crazy Yiuf (D:4)
  17 orc priests
  3 gnoll boudas
  7 hounds
  4 sleepcaps
  2 iguanas
  13 orc wizards
  10 shapeshifter simulacra (IceCv)
  3 mummies
  19 gnolls
  12 adders
  A shadow imp (D:8)
  4 adder zombies (Ossuary)
  2 worms
  A dart slug (D:3)
  68 orcs
  12 bats
  8 endoplasms
  4 giant cockroaches
  3 gnoll zombies (Ossuary)
  10 goblins
  3 hobgoblins
  2 quokkas (D:4)
  9 ball pythons
  A frilled lizard (shapeshifter) (Vaults:5)
  5 frilled lizards
  9 hobgoblin zombies (Ossuary)
  13 kobolds
  2 kobold zombies (Ossuary)
  3 orc zombies (Ossuary)
  5 rats
  A foxfire (Swamp:1)
1933 creatures vanquished.

Vanquished Creatures (collateral kills)
  A Killer Klown (Zot:5)
  A golden dragon (Zot:5)
  An electric golem (Zot:5)
  5 Orb Guardians (Zot:5)
  A quicksilver dragon (Vaults:5)
  A tengu reaver (Vaults:5)
  A vault warden (Vaults:5)
  A war gargoyle (Vaults:4)
  A very ugly thing (Vaults:5)
  A green draconian (Zot:5)
  A deep elf annihilator (Elf:3)
  A yellow draconian (Zot:5)
  A purple draconian (Zot:5)
  A red draconian (Zot:5)
  2 deep elf death magi (Elf:3)
  A salamander tyrant (Snake:3)
  A peacekeeper (Vaults:4)
  A naga warrior (Snake:1)
  A naga ritualist (Snake:3)
  A salamander (Snake:1)
  2 black mambas (Snake:3)
  A naga mage (Snake:1)
  A guardian serpent (Snake:1)
  2 yaktaurs (Vaults:5)
  2 orc warriors (Bailey)
  7 orcs
40 creatures vanquished.

Vanquished Creatures (others)
  A ghost moth (Zot:2)
  A draconian shifter (Zot:2)
  A green draconian (Zot:2)
  A black draconian (Zot:2)
  A red draconian (Zot:2)
  A yellow draconian (Zot:2)
  A vault guard (Vaults:5)
  A hydra (Swamp:3)
  An alligator (Swamp:2)
  A dancing weapon (Elf:3)
  A deep troll (Vaults:3)
  A deep elf pyromancer (Elf:1)
  A deep elf zephyrmancer (Elf:3)
  A will-o-the-wisp (Swamp:4)
  An ugly thing (Vaults:3)
  A moth of wrath (Zot:2)
  A frost giant skeleton (Vaults:2)
  A black mamba (Snake:2)
  A tyrant leech (Swamp:2)
  A saltling (Desolation)
  A swamp worm (Swamp:4)
  A naga (Snake:1)
  An orc wizard (Orc:2)
  28 demonic plants
  35 foxfires
  14 fungi
  29 plants
129 creatures vanquished.

Grand Total: 2102 creatures vanquished

Notes
Turn   | Place    | Note
-------+----------+-------------------------------------------
     0 | D:1      | freelancePsychic the Human Wanderer began the quest for the
                  | Orb.
     0 | D:1      | freelancePsychic set off with the following items: a +2
                  | falchion, a +0 mace, a piece from Xom's chessboard (15/15),
                  | a potion of might, a +0 leather armour.
     0 | D:1      | Reached XP level 1. HP: 15/15 MP: 1/1
   197 | D:1      | Reached XP level 2. HP: 21/21 MP: 2/2
   261 | D:1      | Reached skill level 1 in Stealth
   701 | D:1      | Reached XP level 3. HP: 25/26 MP: 3/3
   819 | D:2      | Found Joucw's Jewellery Emporium.
  1396 | D:2      | Reached XP level 4. HP: 14/33 MP: 1/4
  1875 | D:3      | Noticed a black bear
  1880 | D:3      | Noticed zenocrate's ghost (novice OpTm)
  1881 | D:3      | Identified the +1 hand axe of Affy {heavy, *Corrode rN+
                  | Str+3}
  1918 | D:3      | You fall into a shaft and drop 3 floors!
  1931 | D:6      | Noticed a bullfrog
  1945 | D:6      | Killed a bullfrog
  1946 | D:6      | Reached skill level 5 in Long Blades
  1946 | D:6      | Reached XP level 5. HP: 4/38 MP: 1/5
  2084 | D:6      | Noticed a phantom
  2110 | D:6      | Killed a phantom
  2111 | D:6      | Reached XP level 6. HP: 46/46 MP: 4/6
  2153 | D:6      | Found a glowing drain.
  2160 | D:6      | Noticed a water moccasin
  2162 | Sewer    | Entered a sewer
  2222 | Sewer    | Noticed a water moccasin
  2230 | Sewer    | Killed a water moccasin
  2231 | Sewer    | Reached skill level 1 in Short Blades
  2459 | D:6      | Reached XP level 7. HP: 42/52 MP: 4/7
  2715 | D:5      | Entered Level 5 of the Dungeon
  2852 | D:4      | Found a staircase to the Ecumenical Temple.
  2889 | Temple   | Entered the Ecumenical Temple
  3068 | Temple   | Became a worshipper of Uskayaw the Reveller
  3086 | D:4      | Reached * piety under Uskayaw
  3478 | D:4      | Reached ** piety under Uskayaw
  3501 | D:4      | Reached *** piety under Uskayaw
  3514 | D:4      | Reached **** piety under Uskayaw
  3719 | D:4      | Reached XP level 8. HP: 18/60 MP: 4/8
  4349 | D:4      | Found a basalt altar of Yredelemnul.
  4414 | D:4      | Reached skill level 5 in Short Blades
  4682 | D:4      | Found a runed translucent door.
  4683 | D:4      | Noticed Crazy Yiuf
  4699 | D:4      | Killed Crazy Yiuf
  4813 | D:3      | Found a transporter.
  5091 | D:3      | Found a transporter.
  5103 | D:3      | Found a bloodstained altar of Trog.
  5620 | D:5      | Reached skill level 5 in Fighting
  5702 | D:5      | Found a runed translucent door.
  5703 | D:5      | Noticed Nacht's ghost (amateur DsNe)
  5720 | D:5      | Found a runed translucent door.
  5835 | D:5      | Found an ancient bone altar of Kikubaaqudgha.
  6244 | D:6      | Reached XP level 9. HP: 65/68 MP: 9/9
  6520 | D:6      | Reached skill level 1 in Dodging
  6520 | D:6      | Reached skill level 1 in Invocations
  7147 | D:7      | Found a radiant altar of Vehumet.
  8116 | D:7      | Reached XP level 10. HP: 79/79 MP: 13/13
  8425 | D:8      | Noticed a death yak
  8425 | D:8      | Found a staircase to the Lair.
  8427 | D:8      | Noticed a death yak
  8537 | D:8      | Reached skill level 5 in Invocations
  8538 | D:8      | Reached skill level 5 in Stealth
  8540 | D:8      | Reached ***** piety under Uskayaw
  8627 | D:8      | Noticed a death yak
  8671 | D:8      | Killed a death yak
  8736 | D:8      | Killed a death yak
  8737 | D:8      | Reached XP level 11. HP: 60/87 MP: 9/16
  8741 | D:8      | Killed a death yak
  8782 | D:8      | Found a sand-covered staircase.
  8822 | Ossuary  | Entered an ossuary
  9229 | D:8      | Found a flagged portal.
  9239 | Bailey   | Entered a bailey
  9695 | Bailey   | Noticed an orc knight
  9722 | Bailey   | Killed an orc knight
  9818 | Bailey   | Noticed an orc knight
  9895 | Bailey   | Killed an orc knight
  9896 | Bailey   | Reached skill level 10 in Fighting
 10335 | D:8      | Identified the +0 robe of Meacuost {rElec Str+7 Dex-2
                  | Slay-3}
 10372 | D:8      | Found a white marble altar of Elyvilon.
 10510 | D:8      | Reached skill level 5 in Dodging
 10622 | D:8      | Found a runed translucent gate.
 10622 | D:8      | Found a runed translucent gate.
 10622 | D:8      | Found a runed translucent gate.
 10623 | D:8      | Found an opulent altar of Gozag.
 10624 | D:8      | Noticed Nacht's ghost (journeyman DsHu)
 10624 | D:8      | Noticed a two-headed ogre
 10849 | D:9      | Noticed a boulder beetle
 10903 | D:9      | Killed a boulder beetle
 11062 | D:9      | Found a staircase to the Orcish Mines.
 11365 | D:9      | Reached skill level 1 in Shields
 11447 | D:9      | Noticed a two-headed ogre
 11457 | D:9      | Reached XP level 12. HP: 97/98 MP: 18/18
 11483 | D:9      | Killed a two-headed ogre
 11747 | D:9      | Found an opulent altar of Gozag.
 11877 | D:9      | Noticed Prince Ribbit
 11884 | D:9      | Killed Prince Ribbit
 11920 | D:9      | Found a hazy altar of Hepliaklqana.
 12110 | D:9      | Found a snail-covered altar of Cheibriados.
 12110 | D:9      | Found an iron altar of Okawaru.
 12209 | D:10     | Entered Level 10 of the Dungeon
 12594 | D:10     | Found a sacrificial altar of Ru.
 12635 | D:10     | Noticed Erica
 12644 | D:10     | Killed Erica
 12645 | D:10     | Reached skill level 10 in Invocations
 13085 | D:10     | Found an ornate altar of the Wu Jian Council.
 13283 | D:11     | Identified the +3 war axe of Yredelemnul's Pride {flame,
                  | MP+9 Stlth+}
 13472 | D:11     | Noticed a boulder beetle
 13503 | D:11     | Killed a boulder beetle
 13738 | D:11     | Found a huge runed translucent gate.
 13738 | D:11     | Found a huge runed translucent gate.
 13738 | D:11     | Found a huge runed translucent gate.
 13738 | D:11     | Found a huge runed translucent gate.
 13739 | D:11     | Noticed a death yak
 13902 | D:11     | Noticed Josephine
 13999 | D:11     | Killed Josephine
 14015 | D:11     | Reached ****** piety under Uskayaw
 14035 | D:11     | Killed a death yak
 14036 | D:11     | Reached XP level 13. HP: 47/108 MP: 6/21
 14515 | D:11     | Noticed a fire dragon
 14515 | D:11     | Noticed Nergalle
 14820 | D:2      | Bought an amulet of regeneration for 300 gold pieces
 14820 | D:2      | Bought a ring of poison resistance for 200 gold pieces
 14959 | Lair:1   | Entered Level 1 of the Lair of Beasts
 15011 | Lair:1   | You fall into a shaft and drop 1 floor!
 15134 | Lair:2   | Found the amulet of Elemental Vulnerability {rPois rF--
                  | rC-- AC+8}
 17175 | Lair:2   | Reached skill level 1 in Armour
 17455 | Lair:3   | Found a frozen archway.
 17473 | IceCv    | Entered an ice cave
 17701 | IceCv    | Identified the +0 leather armour of Ritwez {-Tele rF+
                  | Regen+}
 18331 | IceCv    | Reached XP level 14. HP: 117/119 MP: 23/23
 18343 | IceCv    | Noticed a quicksilver ooze
 18345 | IceCv    | Found a viscous altar of Jiyva.
 18345 | IceCv    | Noticed an azure jelly
 18352 | IceCv    | Killed a quicksilver ooze
 18364 | IceCv    | Killed an azure jelly
 18365 | IceCv    | Reached skill level 5 in Armour
 18395 | IceCv    | Got the Papyrus of Graupel
 18806 | Lair:3   | Identified the +0 ring mail "Rufrit" {rC+}
 19107 | Lair:3   | Found a staircase to the Snake Pit.
 20276 | Lair:5   | Entered Level 5 of the Lair of Beasts
 20576 | Lair:5   | Found a staircase to the Slime Pits.
 20827 | Lair:5   | Noticed Rupert
 20843 | Lair:5   | Killed Rupert
 21980 | Lair:5   | Reached skill level 15 in Fighting
 22009 | Lair:5   | Reached skill level 10 in Armour
 22009 | Lair:5   | Reached XP level 15. HP: 70/129 MP: 24/24
 24392 | Orc:1    | Entered Level 1 of the Orcish Mines
 24701 | Orc:1    | You fall into a shaft and drop 1 floor!
 24701 | Orc:2    | Entered Level 2 of the Orcish Mines
 24704 | Orc:2    | Found Ompeec's Antique Armour Shop.
 25431 | Orc:2    | Found a staircase to the Elven Halls.
 25437 | Orc:2    | Noticed an orc warlord
 25782 | Orc:1    | Killed an orc warlord
 26040 | Orc:2    | Gained mutation: Your muscles are strong. (Str +4, Int/Dex
                  | -1) [a neqoxec]
 26098 | Orc:2    | Found Uren's Book Emporium.
 26134 | Orc:2    | Found Hoog's Antique Weapon Shop.
 26284 | Orc:2    | Found Kehurghad's General Store.
 26744 | Orc:2    | Bought a tin of tremorstones (2/2) for 560 gold pieces
 26744 | Orc:2    | Bought a box of beasts for 560 gold pieces
 27163 | Lair:2   | Found a staircase to the Swamp.
 27842 | D:13     | Noticed Erolcha
 27866 | D:12     | Killed Erolcha
 28127 | D:13     | Found a stormy altar of Qazlal.
 29022 | D:14     | Found a gate to the Vaults.
 29343 | D:14     | Gained mutation: You occasionally lose the ability to drink
                  | potions when taking damage. [a neqoxec]
 29564 | D:14     | Found a runed translucent door.
 29564 | D:14     | Noticed sirJeffrey23's ghost (journeyman HOFi)
 29585 | D:14     | Reached skill level 5 in Evocations
 29585 | D:14     | Reached XP level 16. HP: 93/136 MP: 25/25
 30784 | D:15     | Entered Level 15 of the Dungeon
 30833 | D:15     | Found a staircase to the Depths.
 30834 | D:15     | Noticed Azrael
 30851 | D:15     | Found a gate leading to a gauntlet.
 30858 | Gauntlet | Entered a Gauntlet
 30858 | Gauntlet | Found a large runed translucent door.
 30858 | Gauntlet | Found a large runed translucent door.
 30858 | Gauntlet | Found a large runed translucent door.
 30858 | Gauntlet | Found a large runed translucent door.
 30858 | Gauntlet | Found a runed translucent door.
 30858 | Gauntlet | Found a large runed translucent door.
 30858 | Gauntlet | Found a large runed translucent door.
 30858 | Gauntlet | Found a transporter.
 30858 | Gauntlet | Found a transporter.
 30858 | Gauntlet | Found a large runed translucent door.
 30858 | Gauntlet | Found a large runed translucent door.
 30858 | Gauntlet | Found a runed translucent gate.
 30858 | Gauntlet | Found a runed translucent gate.
 30858 | Gauntlet | Found a transporter.
 31047 | Gauntlet | Found a transporter.
 31048 | Gauntlet | Found a transporter.
 31058 | Gauntlet | Found a transporter.
 31062 | Gauntlet | Found a transporter.
 31074 | Gauntlet | Found a transporter.
 31077 | Gauntlet | Found a transporter.
 31098 | Gauntlet | Found a transporter.
 31100 | Gauntlet | Found a transporter.
 31110 | Gauntlet | Found a transporter.
 31116 | Gauntlet | Found a runed translucent gate.
 31117 | Gauntlet | Found a large runed translucent door.
 31117 | Gauntlet | Found a large runed translucent door.
 31118 | Gauntlet | Found a large runed translucent door.
 31119 | Gauntlet | Found a large runed translucent door.
 31120 | Gauntlet | Found a large runed translucent door.
 31120 | Gauntlet | Found a large runed translucent door.
 31120 | Gauntlet | Found a runed translucent door.
 31121 | Gauntlet | Found a large runed translucent door.
 31122 | Gauntlet | Found a large runed translucent door.
 31330 | Gauntlet | Reached XP level 17. HP: 144/144 MP: 26/26
 31331 | Gauntlet | Reached XP level 18. HP: 152/152 MP: 27/27
 31400 | Gauntlet | Identified the +0 helmet "Olush" {Fly}
 31452 | Gauntlet | Identified the ring of the Shining Light {Will+ rCorr}
 31473 | Gauntlet | Identified the +6 war axe of Eternity {freeze, Dex+3}
 31712 | Gauntlet | Identified the +1 ring mail of the Elephant {rElec rPois
                  | MP+9 Int+2}
 31716 | Gauntlet | Identified the +1 spear of Understanding {speed, rPois
                  | Int+3}
 31716 | Gauntlet | Identified the +6 storm dragon scales of the Kraken {rElec
                  | rCorr}
 31842 | D:15     | Found an ornate altar of the Wu Jian Council.
 32567 | D:15     | Killed Azrael
 32919 | D:15     | Found Qyim's General Store.
 33018 | D:15     | Identified Roxanne's Monograph on Metamorphosis
 33018 | D:15     | Noticed Roxanne
 33255 | D:15     | Noticed Agnes
 33278 | D:15     | Killed Agnes
 34087 | D:15     | Bought a scroll of enchant weapon for 90 gold pieces
 34087 | D:15     | Bought a scroll of summoning for 114 gold pieces
 34392 | D:11     | Killed Nergalle
 34738 | D:11     | Identified the +2 robe of Truth {rF++}
 34768 | D:11     | Got the Volume of Mortuary Spooky Action
 34773 | D:11     | Found the +13 scythe of Curses {drain, curses, Drain}
 34781 | D:11     | Found the +3 Elemental Staff {rElec rF++ rC++ AC+5}
 35045 | Swamp:1  | Entered Level 1 of the Swamp
 35048 | Swamp:1  | Identified the ring of Ogoniyxaes {*Corrode Drain rPois rN+
                  | Int+5}
 35170 | Swamp:1  | Reached skill level 1 in Staves
 36711 | Swamp:2  | Reached skill level 5 in Staves
 36967 | Swamp:2  | Reached skill level 10 in Evocations
 37066 | Swamp:2  | Reached XP level 19. HP: 100/158 MP: 28/28
 38098 | Swamp:3  | Noticed Aizul
 38118 | Swamp:3  | Killed Aizul
 38947 | Swamp:4  | Entered Level 4 of the Swamp
 40320 | Swamp:4  | Reached skill level 10 in Staves
 40624 | Swamp:4  | Got a decaying rune of Zot
 41126 | Snake:1  | Entered Level 1 of the Snake Pit
 42259 | Snake:1  | Reached XP level 20. HP: 167/167 MP: 29/29
 44660 | Snake:4  | Entered Level 4 of the Snake Pit
 45298 | Snake:4  | Reached skill level 10 in Dodging
 45554 | Snake:4  | Reached XP level 21. HP: 163/177 MP: 30/30
 46092 | Snake:4  | Found Nuduelemei's Distillery.
 46094 | Snake:4  | Found Riaseca's Armour Shoppe.
 46096 | Snake:4  | Found Yggoyn's Antique Weapon Emporium.
 46804 | Snake:4  | Got a serpentine rune of Zot
 47376 | Elf:1    | Entered Level 1 of the Elven Halls
 47437 | Elf:1    | Found a crumbling gateway.
 47439 | Elf:1    | Paralysed by an air elemental for 1 turns
 47449 | Desolati | Entered the Desolation of Salt
 47594 | Desolati | Reached skill level 5 in Shields
 47781 | Desolati | Identified the +6 scimitar of Bameuhy {freeze, rC+ MP+9}
 47783 | Desolati | Got Qehela's Papyrus of Ill Luck
 47790 | Desolati | Got the Encyclopedia of the Chilled Nimbus
 48059 | Desolati | Identified the +8 trident "Jinlero" {spect, rElec rN++
                  | Int+3}
 48293 | Desolati | Got the Spellbook of Interference
 48295 | Desolati | Got the Elucidation of Battle Magic
 48691 | Elf:1    | Paralysed by an air elemental for 1 turns
 48897 | Elf:1    | Reached skill level 15 in Evocations
 49141 | Elf:1    | Paralysed by an air elemental for 1 turns
 49163 | Elf:1    | Reached XP level 22. HP: 174/187 MP: 31/31
 50338 | Elf:2    | Reached skill level 10 in Shields
 50467 | Elf:2    | Found a runed translucent gate.
 50467 | Elf:2    | Found a runed translucent gate.
 50471 | Elf:2    | Found a runed translucent gate.
 50713 | Elf:3    | Entered Level 3 of the Elven Halls
 50858 | Elf:3    | Paralysed by an air elemental for 1 turns
 51439 | Elf:3    | Found Kuewom's Armour Boutique.
 51472 | Elf:3    | Bought a +2 pair of gloves of infusion for 301 gold pieces
 51614 | Elf:3    | Identified the +10 crystal plate armour of the Desolation
                  | of Salt {Int+3}
 51719 | Elf:3    | Identified the +1 robe of Oblivion {Rampage Will- Str+2}
 51988 | Elf:3    | Identified the +1 leather armour of Pleasant Breezes {rCorr
                  | Stlth+}
 51996 | Elf:3    | Identified the quicksilver dragon scales "Obeeh" {rElec
                  | Will+ Str+2}
 52045 | Elf:3    | Got the Anthology of Geometric Snow
 52231 | Elf:3    | Noticed Bai Suzhen
 52246 | Elf:3    | Killed Bai Suzhen
 52585 | Vaults:1 | Entered Level 1 of the Vaults
 52616 | Vaults:1 | Reached XP level 23. HP: 185/195 MP: 17/32
 54527 | Vaults:1 | Found a large runed translucent door.
 54527 | Vaults:1 | Found a large runed translucent door.
 54528 | Vaults:1 | Noticed Wyfalan's ghost (adept DrCj)
 55192 | Vaults:2 | Reached skill level 15 in Shields
 55305 | Vaults:2 | Identified the +8 short sword of Purpose {heavy, rC+ rN+}
 57135 | Vaults:3 | Found Ruerchouq's General Store.
 57145 | Vaults:3 | Bought a potion of curing for 57 gold pieces
 57145 | Vaults:3 | Bought a potion of invisibility for 152 gold pieces
 57145 | Vaults:3 | Bought a wand of roots (3) for 136 gold pieces
 57145 | Vaults:3 | Bought a wand of digging (7) for 558 gold pieces
 57276 | Vaults:3 | Reached XP level 24. HP: 204/204 MP: 27/32
 58098 | Vaults:3 | Found a staircase to the Crypt.
 59935 | Vaults:4 | Identified the +7 chain mail "Hiasueke" {rN+ Str+2 Int+3
                  | Dex-2}
 60216 | Vaults:5 | Entered Level 5 of the Vaults
 60344 | Vaults:5 | Reached XP level 25. HP: 80/210 MP: 9/34
 60349 | Vaults:5 | Gained mutation: You are dopey. (Int -2) [a shining eye]
 60375 | Vaults:5 | Reached skill level 15 in Invocations
 60744 | Vaults:5 | Identified the +4 falchion of Kefiovij {holy, *Rage rC+
                  | rN++ Str+2}
 61008 | Vaults:5 | Noticed an ancient lich
 61014 | Vaults:5 | Killed an ancient lich
 61416 | Vaults:5 | Identified the +7 halberd of Deflation {holy, Str+4}
 61609 | Vaults:5 | Got Gueptioz's Handbook of Transforming Oromancy
 61616 | Vaults:5 | Got Kaifry's Incunabulum of Angles
 61618 | Vaults:5 | Got the Volume of Lithic Alteration
 61743 | Vaults:5 | Found the +7 Spriggan's Knife {stab, EV+4 Stlth+}
 61781 | Vaults:5 | Got the Volume of the Sixfirhy and Zombies
 61868 | Vaults:5 | Noticed an ancient lich
 61890 | Vaults:5 | Killed an ancient lich
 61963 | Vaults:5 | Identified the ring of the Ancients {*Corrode Drain rElec
                  | rC+++ Str+6}
 62027 | Vaults:5 | Identified the ring "Gugroc" {+Blink rPois MP+9 Int-3
                  | Stlth+}
 62057 | Vaults:5 | Reached skill level 15 in Armour
 62404 | Vaults:5 | Got a silver rune of Zot
 63496 | Depths:1 | Entered Level 1 of the Depths
 63693 | Depths:1 | Found the macabre finger necklace {Finger+ rN+}
 64231 | Depths:1 | Reached XP level 26. HP: 212/218 MP: 16/34
 64620 | Depths:1 | Found a one-way gate leading to the halls of Pandemonium.
 64807 | Depths:1 | Found a gateway to Hell.
 64856 | Depths:2 | Found a one-way gateway to a ziggurat.
 65242 | Depths:2 | Found a shadowy altar of Dithmenos.
 66427 | Depths:3 | Identified the +1 robe of the Monkey's Uncle {rElec SInv}
 66601 | Depths:3 | Found a one-way gate to the infinite horrors of the Abyss.
 66830 | Depths:3 | Found a runed translucent door.
 66832 | Depths:3 | Noticed a juggernaut
 66903 | Depths:3 | Found a runed translucent door.
 67080 | Depths:4 | Entered Level 4 of the Depths
 67787 | Depths:4 | Noticed Boris
 67821 | Depths:4 | Killed Boris
 68150 | Depths:4 | Found a gate to the Realm of Zot.
 68402 | Zot:1    | Entered Level 1 of the Realm of Zot
 69804 | Zot:1    | Reached XP level 27. HP: 46/208 MP: 1/34
 70159 | Zot:2    | Noticed an orb of fire
 72081 | Zot:5    | Entered Level 5 of the Realm of Zot
 73019 | Zot:5    | Noticed an orb of fire
 73022 | Zot:5    | Killed an orb of fire
 73022 | Zot:5    | Noticed a dread lich
 73058 | Zot:5    | Noticed an orb of fire
 73061 | Zot:5    | Noticed an orb of fire
 73062 | Zot:5    | Killed an orb of fire
 73062 | Zot:5    | Noticed a Killer Klown
 73062 | Zot:5    | Noticed a dread lich
 73067 | Zot:5    | Killed a Killer Klown
 73088 | Zot:5    | Killed an orb of fire
 73116 | Zot:5    | Killed a dread lich
 73432 | Zot:5    | Noticed an ancient lich
 73448 | Zot:5    | Killed an ancient lich
 73449 | Zot:5    | Noticed an orb of fire
 73450 | Zot:5    | Noticed an orb of fire
 73452 | Zot:5    | Killed an orb of fire
 73452 | Zot:5    | Noticed an orb of fire
 73452 | Zot:5    | Noticed a Killer Klown
 73452 | Zot:5    | Noticed an orb of fire
 73464 | Zot:5    | Noticed an orb of fire
 73464 | Zot:5    | Gained mutation: You are agile. (Dex +4, Str/Int -1) [an
                  | orb of fire]
 73480 | Zot:5    | Gained mutation: You are frail. (-10% HP) [an orb of fire]
 73482 | Zot:5    | Gained mutation: You are vulnerable to cold. (rC-) [an orb
                  | of fire]
 73487 | Zot:5    | Gained mutation: Your body sometimes deteriorates upon
                  | taking damage. [an orb of fire]
 73503 | Zot:5    | Gained mutation: Your spells are a little easier to cast,
                  | but a little less powerful. [an orb of fire]
 73504 | Zot:5    | Killed an orb of fire
 73506 | Zot:5    | Killed an orb of fire
 73532 | Zot:5    | Killed an orb of fire
 73539 | Zot:5    | Gained mutation: You sometimes lose the ability to drink
                  | potions when taking damage. [an orb of fire]
 73547 | Zot:5    | Gained mutation: Armour fits poorly on your strangely
                  | shaped body. [an orb of fire]
 73558 | Zot:5    | Lost mutation: You are agile. (Dex +4, Str/Int -1) [an orb
                  | of fire]
 73573 | Zot:5    | Gained mutation: You are vulnerable to heat. (rF-) [an orb
                  | of fire]
 73579 | Zot:5    | Gained mutation: Your muscles are very strong. (Str +8,
                  | Int/Dex -2) [an orb of fire]
 73730 | Zot:5    | Killed a dread lich
 74003 | Zot:5    | Reached skill level 15 in Dodging
 74173 | Zot:5    | Gained mutation: You are very dopey. (Int -4) [an orb of
                  | fire]
 74276 | Zot:5    | Killed a Killer Klown
 74503 | Zot:5    | Gained mutation: Your body often deteriorates upon taking
                  | damage. [an orb of fire]
 74519 | Zot:5    | Killed an orb of fire
 74825 | Zot:5    | Lost mutation: You are very dopey. (Int -4) [potion of
                  | mutation]
 74825 | Zot:5    | Lost mutation: Your body often deteriorates upon taking
                  | damage. [potion of mutation]
 74825 | Zot:5    | Lost mutation: You are frail. (-10% HP) [potion of
                  | mutation]
 74825 | Zot:5    | Gained mutation: You have a pair of small antennae on your
                  | head. [potion of mutation]
 74826 | Zot:5    | Lost mutation: Your spells are a little easier to cast, but
                  | a little less powerful. [potion of mutation]
 74826 | Zot:5    | Lost mutation: You have a pair of small antennae on your
                  | head. [potion of mutation]
 74826 | Zot:5    | Lost mutation: Your body sometimes deteriorates upon taking
                  | damage. [potion of mutation]
 74826 | Zot:5    | Gained mutation: Your spells are a little harder to cast,
                  | but a little more powerful. [potion of mutation]
 74826 | Zot:5    | Gained mutation: You have a pair of small horns on your
                  | head. [potion of mutation]
 74826 | Zot:5    | Gained mutation: You possess an exceptional clarity of
                  | mind. [potion of mutation]
 74860 | Zot:5    | Got the Orb of Zot
 75588 | D:$      | Escaped with the Orb!

Illustrated notes

Levels and vault maps discovered:
D:1:      lightli_arrival_farm, layout_loops_ring
D:2:      layout_basic, serial_shops, nicolae_diamond_shop,
          nicolae_elevator_lobby_plus
D:3:      layout_rooms, bloody_trog, gammafunk_ghost_arena
D:4:      kennysheep_six_static_rooms, layout_gridville, lemuel_round_altar,
          minmay_temple_entry_proselytizer, minmay_misc_feat_five,
          grunt_decor_one_mirror, saegor_snake_ambush, uniq_crazy_yiuf_cottage
D:5:      layout_basic, overflow_temple_1_default, ebering_ghost_sewer_f
D:6:      kb_forest_paths, layout_cave_pools, cheibrodos_sewer_entry_bend,
          kennysheep_cluttered_room
D:7:      layout_gridville, vehumet_statue
D:8:      layout_basic, nicolae_overflow_hidden_temple, dpeg_lair_monsters,
          serial_corexii_hall, corexii_hall_statues_i, corexii_hall_statues_i,
          chequers_hall_statues_corner_a, gup_ossuary_entry_pyramid,
          enter_bailey_7, ebering_ghost_gozag
D:9:      minmay_skewed_foursquare, layout_irregular_city,
          gammafunk_temple_overflow_elements, nicolae_hepliaklqana_hazy_memory,
          mainiacjoe_overflow_small_starburst, orc_0_dummy,
          nzn_sisyphean_effort, uniq_prince_ribbit1
D:10:     layout_basic, hangedman_ru_absence, kennysheep_mini, uniq_erica
D:11:     lemuel_bear_cage, layout_cross, minmay_the_grid_2x2
          [minmay_the_grid_tree, minmay_the_grid_dragon_b,
          minmay_the_grid_rooms, minmay_the_grid_prize_four_corners_diamond_a],
          uniq_josephine, uniq_nergalle
D:12:     layout_stronghold, st_stairs_13
D:13:     layout_basic, nicolae_qazlal_style_of_elements, uniq_erolcha
D:14:     layout_rooms, erik_vaults_1, hellmonk_ghost_happy_afterlife,
          chequers_serial_rivers_room_a, serial_demonic, serial_demonic_f,
          serial_demonic_b, serial_demonic_c, serial_demonic_b,
          serial_demonic_b, serial_demonic_f, serial_demonic_d,
          minmay_misc_feat_four_crosses
D:15:     grunt_enter_depths_giant_problem, layout_rooms,
          nzn_wu_jian_contemplation, gauntlet_entry_generic,
          minmay_misc_feat_rugged, nicolae_wooded_promenade, uniq_roxanne,
          uniq_agnes, uniq_azrael
Temple:   nicolae_temple_bog_church
Lair:1:   layout_layer_cave, hangedman_lair_generics_rect
Lair:2:   layout_concentric_octagons, nicolae_swamp_entry_splash_gauntlet,
          nicolae_lair_grove_arrangements
Lair:3:   layout_regular_city, minmay_snake_entry_guardpost_medium,
          portal_ice_cave_rime, chequers_serial_rivers_micro_d,
          beast_lair_carwin_1
Lair:4:   hellmonk_destroyed_diamonds, layout_regular_city, serial_bayou,
          serial_bayou_crossing, serial_bayou_pond_e, serial_bayou_pond_d,
          serial_bayou_pond_e
Lair:5:   hellmonk_lair_end_abyssal_woods, layout_cave_shapes, slime_entry_1,
          lemuel_fruit_tree, uniq_rupert
Swamp:1:  nicolae_swamp_secret_spriggan_hideout, layout_basic_swamp,
          nicolae_swamp_some_circles
Swamp:2:  layout_basic_swamp, evilmike_swamp_ruin_house_4
Swamp:3:  layout_falls_marsh, evilmike_swamp_ruin_house_3, uniq_aizul
Swamp:4:  swamp_alternative, layout_basic_swamp, swamp_pool5,
          cheibrodos_swamp_pet_leeches
Snake:1:  layout_gridlike
Snake:2:  layout_chambers, nicolae_snake_coiling_death
Snake:3:  layout_gridlike, drop_trap, st_stairs_3, serial_bayou_shore_a
Snake:4:  snake_pit, layout_misc_corridors, guppyfry_library_mini,
          grunt_megastairs_3, minmay_shop_star, serial_bayou_shore_b
Orc:1:    layout_diamond_mine, nicolae_orc_lost_temple
Orc:2:    grunt_orc_gardens, layout_caves, grunt_orc_garden, grunt_orc_garden,
          grunt_orc_garden, grunt_orc_garden, basic_altar
Elf:1:    minmay_elf_arrival_circle, layout_loops_corners,
          portal_desolation_entry_garden, hangedman_elf_represent
Elf:2:    elven_hall_of_blades_hangedman_original [nicolae_blade_little_rooms],
          layout_onion_city
Elf:3:    minmay_elf_hall_statues, layout_gridlike, serial_shops,
          nicolae_square_shop, uniq_bai_suzhen
Vaults:1: ebering_ghost_disaster_area, v_misc_27, v_pattern_5,
          vaults_room_semicircle, nicolae_vaults_mini_display_case,
          ontoclasm_vaults_gateway, vaults_room_stairs_pillars,
          nicolae_vaults_angled_halls, layout_vaults_quadrants
Vaults:2: nicolae_vaults_network_square, grunt_vaults_trifunnel,
          vaults_room_door_ring, st_more_cells, nicolae_vaults_three_branches,
          hangedman_vaults_impose, vaults_dpeg_diagonal,
          nicolae_vaults_ring_of_whatevers, vaults_room_hallway,
          ontoclasm_vaults_decontamination, vaults_room_pool,
          vaults_room_semicircle, layout_vaults_omnibox
Vaults:3: ontoclasm_vaults_shuriken, minmay_crypt_entry_simple_box,
          hangedman_vaults_corner_blocks, nicolae_vaults_border_crossing,
          dpeg_vaults_monster_box, nicolae_vaults_hallways_thing,
          nicolae_vaults_stairing_the_circle, nicolae_vaults_asterisk,
          v_misc_15, nicolae_vaults_murderbox, nicolae_vaults_circle_grid_b,
          ontoclasm_vaults_misaligned, layout_vaults_omnicross, serial_shops,
          nicolae_lakefront_shop
Vaults:4: vaults_mumra_minichess_inversion, nicolae_vaults_network_barrier,
          nicolae_vaults_windows_and_doors_thing, grunt_vaults_hallway_long,
          vaults_room_octagon, grunt_vaults_hallway_short,
          hangedman_vaults_snaps, v_misc_5, nicolae_vaults_little_ls,
          nicolae_vaults_ninety_degrees, nicolae_vaults_angled_halls,
          layout_vaults_ring
Vaults:5
Depths:1: layout_gridville, rand_demon_pan_entry_7,
          serial_sigils_hangedman_clutch, pf_coc_iceberg, dpeg_stationary_puzzle
Depths:2: hangedman_elemental_death_ray, layout_gridville, enter_ziggurat_a,
          nicolae_dithmenos_through_a_glass_darkly, pf_hell_entry_tar_river,
          rand_demon_pan_entry_4, hex_large
Depths:3: minmay_expanding_circles, layout_cave_pools,
          minmay_misc_feat_ornament, abyss_entry_glasseish, hell_entry
Depths:4: grunt_zot_entry_gee_three, layout_cave_pools, hell_entry, uniq_boris
Zot:1:    layout_concentric_octagons, st_stairs_2, st_single_dragon_hoard_4,
          grunt_ministairs_2
Zot:2:    layout_basic, hangedman_zot_decor_tridents, nrook_zot_tub
Zot:3:    layout_basic, grunt_ministairs_12, nicolae_transporter_intersection,
          grunt_megastairs_5
Zot:4:    layout_twisted_circle, uniq_parghit
Zot:5:    layout_gridlike, hangedman_zot_diagonal_lockstep

Skill      XL: |  1  2  3  4  5  6  7  8  9 10 11 12 13 14 15 16 17 18 19 20 21 22 23 24 25 26 27 |
---------------+----------------------------------------------------------------------------------+-----
Stealth        | 1 2 3 4 6 7 |  7.9
Fighting       | 2 3 4 5 7 8 10 12 13 15 16 18 19 20 21 | 21.2
Long Blades    | 5 |  5.4
Short Blades   | 2 4 6 7 |  7.1
Dodging        | 3 4 5 6 7 10 11 15 | 15.6
Invocations    | 4 7 9 11 13 14 15 | 15.0
Shields        | 1 4 8 13 16 18 21 22 | 22.0
Armour         | 4 10 13 14 15 20 22 | 22.0
Evocations     | 5 6 7 10 12 13 15 16 17 | 17.0
Staves         | 5 11 | 11.9
Maces & Flails | |  2.0

Action                     |  1- 3 |  4- 6 |  7- 9 | 10-12 | 13-15 | 16-18 | 19-21 | 22-24 | 25-27 || total
---------------------------+-------+-------+-------+-------+-------+-------+-------+-------+-------++-------
  Melee: Falchion          |    91 |    56 |       |       |       |       |       |       |       ||   147
         Quick blade       |       |    17 |   750 |   999 |  2416 |  1286 |       |       |       ||  5468
         Punch             |       |     3 |    10 |    18 |     3 |       |       |       |       ||    34
         Staff             |       |       |       |       |       |    42 |  1827 |  1706 |  2139 ||  5714
         Unarmed           |       |       |       |       |       |       |       |     1 |       ||     1
         Headbutt          |       |       |       |       |       |       |       |       |    16 ||    16
  Throw: Dart              |     7 |     1 |       |    16 |    34 |       |       |       |       ||    58
         Javelin           |       |       |       |       |     4 |       |       |     4 |    14 ||    22
 Invoke: Line Pass         |       |       |     2 |     2 |     5 |     3 |     1 |       |       ||    13
         Stomp             |       |       |       |     3 |    14 |     7 |     4 |     2 |       ||    30
         Grand Finale      |       |       |       |       |     7 |     1 |     7 |     3 |     8 ||    26
  Evoke: Piece from Xom's  |     3 |     3 |     3 |       |       |       |       |       |       ||     9
         Wand              |       |       |       |       |     4 |     8 |     8 |     6 |    25 ||    51
         Tin of tremorston |       |       |       |       |     2 |     2 |    14 |    12 |     9 ||    39
         Box of beasts     |       |       |       |       |       |     1 |     3 |     4 |     5 ||    13
         Phantom mirror    |       |       |       |       |       |       |       |     2 |     1 ||     3
         Phial of floods   |       |       |       |       |       |       |       |       |     2 ||     2
    Use: Scroll            |       |     4 |     4 |    18 |    20 |     6 |    11 |     6 |    24 ||    93
         Potion            |       |     5 |     3 |    14 |     4 |     4 |     3 |     6 |    24 ||    63
   Stab: Sleeping          |     2 |     3 |    10 |     9 |    17 |       |       |       |       ||    41
         Paralysed         |       |       |     9 |    43 |   102 |    60 |   212 |   199 |   268 ||   893
         Confused          |       |       |     1 |     1 |     6 |     1 |     2 |       |       ||    11
         Distracted        |       |       |       |     1 |     1 |     1 |       |       |     6 ||     9
         Invisible         |       |       |       |       |       |     6 |     1 |    13 |    10 ||    30
 Armour: Leather armour    |    22 |    27 |    42 |       |       |       |       |       |       ||    91
         Ring mail         |       |       |    46 |    86 |       |       |       |       |       ||   132
         Steam dragon scal |       |       |       |    81 |   161 |       |       |       |       ||   242
         Crystal plate arm |       |       |       |       |   429 |   621 |  1351 |   874 |   889 ||  4164
  Dodge: Dodged            |    47 |    41 |   162 |   301 |   429 |   190 |   529 |   342 |   616 ||  2657
  Block: Buckler           |       |       |       |       |   240 |   180 |   430 |   161 |       ||  1011
         Tower shield      |       |       |       |       |       |       |       |   910 |  1693 ||  2603

Table legend: (Time is in decaauts)
 A = Elapsed time spent in this place.
 B = Non-inter-level travel time spent in this place.
 C = Inter-level travel time spent in this place.
 D = Time resting spent in this place.
 E = Time spent auto-exploring this place.
 F = Levels seen in this place.
 G = Mean time per level.
                   A        B        C        D        E       F      G
               +--------+--------+--------+--------+--------+-----+--------+
         Total |  70504 |  64603 |   5901 |   4982 |  46359 |  54 | 1305.6 |
       Dungeon |  21302 |  18331 |   2971 |   1842 |  13046 |  15 | 1420.1 |
        Temple |    196 |    174 |     22 |      0 |    152 |   1 |  196.0 |
          Lair |   6757 |   6088 |    669 |    232 |   4883 |   5 | 1351.4 |
         Swamp |   5801 |   5561 |    240 |    425 |   4267 |   4 | 1450.2 |
     Snake Pit |   5572 |   5050 |    522 |    353 |   3517 |   4 | 1393.0 |
  Orcish Mines |   2255 |   1929 |    326 |    146 |   1442 |   2 | 1127.5 |
   Elven Halls |   3625 |   3533 |     92 |     13 |   2547 |   3 | 1208.3 |
        Vaults |   9995 |   9571 |    424 |    118 |   7495 |   5 | 1999.0 |
        Depths |   4941 |   4691 |    250 |     85 |   3747 |   4 | 1235.2 |
           Zot |   6235 |   5853 |    382 |   1082 |   3573 |   5 | 1247.0 |
         Sewer |    152 |    152 |      0 |     43 |     43 |   1 |  152.0 |
       Ossuary |    213 |    213 |      0 |     45 |      0 |   1 |  213.0 |
        Bailey |    813 |    813 |      0 |    296 |    266 |   1 |  813.0 |
      Ice Cave |    805 |    805 |      0 |     94 |    308 |   1 |  805.0 |
    Desolation |   1025 |   1025 |      0 |      0 |    654 |   1 | 1025.0 |
      Gauntlet |    811 |    811 |      0 |    206 |    418 |   1 |  811.0 |
               +--------+--------+--------+--------+--------+-----+--------+

Top non-repeatable levels by time:
   Zot:5: 2627 daAuts
    D:14: 2478 daAuts
Vaults:5: 2436 daAuts
Vaults:1: 2404 daAuts
    D:11: 2215 daAuts
     D:4: 2057 daAuts
  Lair:2: 1863 daAuts
Vaults:2: 1787 daAuts
Vaults:4: 1772 daAuts
    D:12: 1770 daAuts
  Lair:5: 1748 daAuts
 Swamp:4: 1684 daAuts
 Swamp:1: 1676 daAuts
     D:6: 1642 daAuts
Vaults:3: 1594 daAuts
